TOP OF THE 1ST |
Houston Astros batting - Pitching for Pittsburgh Pirates : LHP John Tudor
|
Pitching: LHP John Tudor
|
|
Batting: RHB Mickey Hatcher
|
0-0: Fly out, F9 (Line Drive, 9, EV 104.4 MPH)
|
Batting: RHB John Castino
|
0-0: Ball 1-0: Ground out 6-3 (Groundball, 6D, EV 78.1 MPH)
|
Batting: RHB Julio Franco
|
0-0: Ball 1-0: Ball 2-0: Foul Ball, location: 2F 2-1: Called Strike 2-2: Strikes out swinging
|
Top of the 1st over - 0 runs, 0 hits, 0 errors, 0 left on base; Houston 0 - Pittsburgh 0 |
BOTTOM OF THE 1ST |
Pittsburgh Pirates batting - Pitching for Houston Astros : RHP Steve Bedrosian
|
Pitching: RHP Steve Bedrosian
|
|
Batting: RHB Dan Gladden
|
0-0: Ball 1-0: SINGLE (Line Drive, 9S, EV 111.3 MPH)
|
Batting: SHB Chili Davis
|
0-0: Foul Ball, location: 2F 0-1: Ball 1-1: Ball 2-1: Swinging Strike 2-2: Foul Ball, location: 2F 2-2: Foul Ball, location: 2F 2-2: Ball Dan Gladden steals 2nd base 3-2: Foul Ball, location: 2F 3-2: Foul Ball, location: 2F 3-2: Foul Ball, location: 2F 3-2: Strikes out swinging
|
Batting: RHB Rennie Stennett
|
0-0: Swinging Strike 0-1: Ball 1-1: Called Strike 1-2: Ball 2-2: SINGLE (Groundball, 6MS, EV 72.5 MPH) (infield hit) Dan Gladden to third
|
Batting: LHB Robert Lopez
|
0-0: Called Strike 0-1: Foul Ball, location: 2F 0-2: DOUBLE (Flyball, 9LM, EV 95.0 MPH) Dan Gladden scores Rennie Stennett to third
|
Batting: LHB Greg Walker
|
0-0: Ball 1-0: Called Strike 1-1: Ball Wild Pitch! Rennie Stennett scores Robert Lopez to third 2-1: Foul Ball, location: 2F 2-2: SINGLE (Flyball, 7S, EV 93.1 MPH) Robert Lopez scores
|
Batting: RHB Mike C Brown
|
0-0: Foul Ball, location: 2F 0-1: Fly out, F6 (Line Drive, 6, EV 65.6 MPH)
|
Batting: LHB Terry Whitfield
|
0-0: Called Strike Greg Walker is caught stealing 2nd base 2-6
|
Bottom of the 1st over - 3 runs, 4 hits, 0 errors, 0 left on base; Houston 0 - Pittsburgh 3 |
TOP OF THE 2ND |
Houston Astros batting - Pitching for Pittsburgh Pirates : LHP John Tudor
|
Batting: RHB Zail Smith
|
0-0: Called Strike 0-1: Foul Ball, location: 2F 0-2: Foul Ball, location: 2F 0-2: Strikes out looking
|
Batting: SHB Tom Herr
|
0-0: Ball 1-0: Foul Ball, location: 2F 1-1: SINGLE (Line Drive, 4M, EV 96.3 MPH)
|
Batting: LHB George Vukovich
|
0-0: Ball Tom Herr steals 2nd base 1-0: Ball 2-0: Called Strike 2-1: Ball 3-1: Fly out, F9 (Flyball, 89M, EV 93.8 MPH)
|
Batting: RHB Dave Valle
|
0-0: Swinging Strike 0-1: SINGLE (Line Drive, 4MD, EV 104.4 MPH) Tom Herr to third Runner from 3rd tries for Home, SAFE, throw by CF to home
|
Batting: LHB Jerry Narron
|
0-0: Called Strike 0-1: Ball 1-1: Called Strike 1-2: Foul Ball, location: 2F 1-2: Foul Ball, location: 2F 1-2: Ball Wild Pitch! Dave Valle to second 2-2: Ball 3-2: Fly out, F9 (Line Drive, 9, EV 86.9 MPH)
|
Top of the 2nd over - 1 run, 2 hits, 0 errors, 1 left on base; Houston 1 - Pittsburgh 3 |
BOTTOM OF THE 2ND |
Pittsburgh Pirates batting - Pitching for Houston Astros : RHP Steve Bedrosian
|
Batting: LHB Terry Whitfield
|
0-0: Ball 1-0: Ball 2-0: Fly out, F7 (Flyball, 7, EV 90.0 MPH)
|
Batting: SHB Ron Oester
|
0-0: SINGLE (Line Drive, 56D, EV 93.8 MPH)
|
Batting: LHB John Tudor
|
0-0: Sac Bunt to 25 - play at first, batter OUT! 5-4 Ron Oester to second
|
Batting: RHB Dan Gladden
|
0-0: Called Strike 0-1: Foul Ball, location: 2F 0-2: Foul Ball, location: 2F 0-2: Ball 1-2: Foul Ball, location: 2F 1-2: Ball 2-2: Ground out U3 (Groundball, 3, EV 83.1 MPH)
|
Bottom of the 2nd over - 0 runs, 1 hit, 0 errors, 1 left on base; Houston 1 - Pittsburgh 3 |
TOP OF THE 3RD |
Houston Astros batting - Pitching for Pittsburgh Pirates : LHP John Tudor
|
Batting: RHB Steve Bedrosian
|
0-0: Called Strike 0-1: Ball 1-1: Swinging Strike 1-2: Fly out, F9 (Line Drive, 9, EV 108.8 MPH)
|
Batting: RHB Mickey Hatcher
|
0-0: Ball 1-0: Fly out, F8 (Flyball, 8RM, EV 91.9 MPH)
|
Batting: RHB John Castino
|
0-0: SINGLE (Groundball, 6MD, EV 100.6 MPH)
|
Batting: RHB Julio Franco
|
0-0: Called Strike 0-1: Ball 1-1: Ball 2-1: Fly out, F3 (Popup, 3SF, EV 81.9 MPH)
|
Top of the 3rd over - 0 runs, 1 hit, 0 errors, 1 left on base; Houston 1 - Pittsburgh 3 |
BOTTOM OF THE 3RD |
Pittsburgh Pirates batting - Pitching for Houston Astros : RHP Steve Bedrosian
|
Batting: SHB Chili Davis
|
0-0: Ball 1-0: Called Strike 1-1: SINGLE (Groundball, 34D, EV 111.9 MPH)
|
Batting: RHB Rennie Stennett
|
0-0: Ball Chili Davis steals 2nd base 1-0: Fly out, F8 (Line Drive, 8RM, EV 97.5 MPH)
|
Batting: LHB Robert Lopez
|
0-0: Ball 1-0: Ground out 6-3 (Groundball, 56, EV 79.4 MPH)
|
Batting: LHB Greg Walker
|
0-0: Called Strike 0-1: Ball 1-1: SINGLE (Groundball, 5D, EV 96.9 MPH) Chili Davis to third Runner from 3rd tries for Home, SAFE, throw by LF to home
|
Batting: RHB Mike C Brown
|
0-0: Foul Ball, location: 2F 0-1: Ball 1-1: SINGLE (Line Drive, 6D, EV 96.9 MPH) Greg Walker to second
|
Batting: LHB Terry Whitfield
|
0-0: Ball 1-0: Ball 2-0: Ball 3-0: Base on Balls Greg Walker to third Mike C Brown to second
|
Batting: SHB Ron Oester
|
0-0: Ball 1-0: Called Strike 1-1: Swinging Strike 1-2: Ball 2-2: Ball Wild Pitch! Greg Walker scores Mike C Brown to third Terry Whitfield to second 3-2: Foul Ball, location: 2F 3-2: Base on Balls
|
Batting: LHB John Tudor
|
0-0: Fielders Choice at 2nd, 6-4 (Groundball, 6, EV 78.1 MPH)
|
Bottom of the 3rd over - 2 runs, 3 hits, 0 errors, 3 left on base; Houston 1 - Pittsburgh 5 |
TOP OF THE 4TH |
Houston Astros batting - Pitching for Pittsburgh Pirates : LHP John Tudor
|
Batting: RHB Zail Smith
|
0-0: Called Strike 0-1: Foul Ball, location: 2F 0-2: Strikes out swinging
|
Batting: SHB Tom Herr
|
0-0: Ball 1-0: Swinging Strike 1-1: Ball 2-1: Ball 3-1: Base on Balls
|
Batting: LHB George Vukovich
|
0-0: Ball 1-0: SINGLE (Line Drive, 78M, EV 100.0 MPH) Tom Herr to second
|
Batting: RHB Dave Valle
|
0-0: Swinging Strike 0-1: Ball 1-1: Fly out, F8 (Line Drive, 8LD, EV 100.6 MPH)
|
Batting: LHB Jerry Narron
|
0-0: Foul Ball, location: 2F 0-1: Fielders Choice at 2nd, 6-4 (Groundball, 6, EV 86.9 MPH)
|
Top of the 4th over - 0 runs, 1 hit, 0 errors, 2 left on base; Houston 1 - Pittsburgh 5 |
BOTTOM OF THE 4TH |
Pittsburgh Pirates batting - Pitching for Houston Astros : RHP Steve Bedrosian
|
Batting: RHB Dan Gladden
|
0-0: Ball 1-0: SINGLE (Line Drive, 6M, EV 101.9 MPH)
|
Batting: SHB Chili Davis
|
0-0: Ball 1-0: Ball 2-0: Foul Ball, location: 2F 2-1: Foul Ball, location: 2F 2-2: Fly out, F8 (Flyball, 8RXD, EV 100.6 MPH)
|
Batting: RHB Rennie Stennett
|
0-0: Ball 1-0: Called Strike 1-1: Fly out, F9 (Flyball, 89D, EV 99.4 MPH)
|
Batting: LHB Robert Lopez
|
0-0: SINGLE (Line Drive, 6D, EV 98.8 MPH) Dan Gladden to second Runner from 2nd tries for 3rd, SAFE, no throw by CF
|
Batting: LHB Greg Walker
|
0-0: 3-RUN HOME RUN (Flyball, 9D, EV 104.4 MPH), Distance : 372 ft
|
Pitching: LHP Richard Thompson
|
|
Batting: RHB Mike C Brown
|
0-0: Ball 1-0: Swinging Strike 1-1: Ball 2-1: Foul Ball, location: 2F 2-2: Foul Ball, location: 2F 2-2: Ball 3-2: Strikes out swinging
|
Bottom of the 4th over - 3 runs, 3 hits, 0 errors, 0 left on base; Houston 1 - Pittsburgh 8 |
TOP OF THE 5TH |
Houston Astros batting - Pitching for Pittsburgh Pirates : LHP John Tudor
|
Batting: SHB Richard Thompson
|
0-0: Called Strike 0-1: Ball 1-1: Fly out, F3 (Line Drive, 3, EV 70.0 MPH)
|
Batting: RHB Mickey Hatcher
|
0-0: SINGLE (Groundball, 4MS, EV 65.0 MPH) (infield hit)
|
Batting: RHB John Castino
|
0-0: Ball 1-0: Called Strike 1-1: Swinging Strike 1-2: Ground out 6-3 (Groundball, 6, EV 108.1 MPH) Mickey Hatcher to second
|
Batting: RHB Julio Franco
|
0-0: Swinging Strike 0-1: Foul Ball, location: 2F 0-2: Ball 1-2: Ball 2-2: Ball 3-2: Strikes out swinging
|
Top of the 5th over - 0 runs, 1 hit, 0 errors, 1 left on base; Houston 1 - Pittsburgh 8 |
BOTTOM OF THE 5TH |
Pittsburgh Pirates batting - Pitching for Houston Astros : LHP Richard Thompson
|
Batting: LHB Terry Whitfield
|
0-0: Ball 1-0: Foul Ball, location: 2F 1-1: Swinging Strike 1-2: Strikes out looking
|
Batting: SHB Ron Oester
|
0-0: SINGLE (Groundball, 4MS, EV 66.3 MPH) (infield hit)
|
Batting: LHB John Tudor
|
0-0: Bunted foul 0-1: Sac Bunt to 2L - play at first, batter OUT! 2-4 Ron Oester to second
|
Batting: RHB Dan Gladden
|
0-0: Called Strike 0-1: Foul Ball, location: 2F 0-2: Ball Wild Pitch! Ron Oester to third 1-2: Ground out 6-3 (Groundball, P, EV 83.8 MPH)
|
Bottom of the 5th over - 0 runs, 1 hit, 0 errors, 1 left on base; Houston 1 - Pittsburgh 8 |
TOP OF THE 6TH |
Houston Astros batting - Pitching for Pittsburgh Pirates : LHP John Tudor
|
Batting: RHB Zail Smith
|
0-0: Ball 1-0: Ball 2-0: Fly out, F7 (Flyball, 7LM, EV 88.8 MPH)
|
Batting: SHB Tom Herr
|
0-0: Foul Ball, location: 2F 0-1: SINGLE (Line Drive, 4D, EV 100.0 MPH)
|
Batting: LHB George Vukovich
|
0-0: Ball 1-0: Fly out, F2 (Popup, 2LF, EV 95.6 MPH)
|
Batting: RHB Dave Valle
|
0-0: Fly out, F3 (Popup, 4S, EV 72.5 MPH)
|
Top of the 6th over - 0 runs, 1 hit, 0 errors, 1 left on base; Houston 1 - Pittsburgh 8 |
BOTTOM OF THE 6TH |
Pittsburgh Pirates batting - Pitching for Houston Astros : LHP Richard Thompson
|
Batting: SHB Chili Davis
|
0-0: Ball 1-0: Ground out 4-3 (Groundball, 4M, EV 103.8 MPH)
|
Batting: RHB Rennie Stennett
|
0-0: SINGLE (Flyball, 4MD, EV 85.0 MPH)
|
Batting: LHB Robert Lopez
|
0-0: Ball 1-0: Fielders Choice at 2nd, 4-6 (Groundball, 4, EV 95.6 MPH)
|
Batting: LHB Greg Walker
|
0-0: Foul Ball, location: 2F 0-1: Ball 1-1: Ball 2-1: Foul Ball, location: 2F 2-2: Ball 3-2: Foul Ball, location: 2F 3-2: Fly out, F8 (Flyball, 78S, EV 79.4 MPH)
|
Bottom of the 6th over - 0 runs, 1 hit, 0 errors, 1 left on base; Houston 1 - Pittsburgh 8 |
TOP OF THE 7TH |
Houston Astros batting - Pitching for Pittsburgh Pirates : LHP John Tudor
|
Batting: LHB Jerry Narron
|
0-0: Ground out 6-3 (Groundball, 6, EV 87.5 MPH)
|
Batting: SHB Richard Thompson
|
0-0: Swinging Strike 0-1: Foul Ball, location: 2F 0-2: Ball 1-2: Strikes out swinging
|
Batting: RHB Mickey Hatcher
|
0-0: Ball 1-0: Ball 2-0: Called Strike 2-1: SINGLE (Groundball, 25, EV 68.8 MPH) (infield hit)
|
Pitching: RHP Timnothy Milner
|
|
Batting: RHB John Castino
|
0-0: DOUBLE (Groundball, 5L, EV 106.3 MPH) Mickey Hatcher to third Mickey Hatcher scores
|
Batting: RHB Julio Franco
|
0-0: Foul Ball, location: 2F 0-1: Ball 1-1: Swinging Strike 1-2: Ground out 6-3 (Groundball, 6MD, EV 98.8 MPH)
|
Top of the 7th over - 1 run, 2 hits, 0 errors, 1 left on base; Houston 2 - Pittsburgh 8 |
BOTTOM OF THE 7TH |
Pittsburgh Pirates batting - Pitching for Houston Astros : LHP Richard Thompson
|
Batting: RHB Mike C Brown
|
0-0: Ball 1-0: Ball 2-0: Ball 3-0: Called Strike 3-1: Base on Balls
|
Batting: LHB Terry Whitfield
|
0-0: Swinging Strike 0-1: Fly out, F6 (Flyball, 6D, EV 89.4 MPH)
|
Batting: SHB Ron Oester
|
0-0: Ball 1-0: SINGLE (Line Drive, 8LS, EV 110.6 MPH) Mike C Brown to second
|
Pinch Hitting: SHB John Shelby
|
0-0: Called Strike 0-1: Ball 1-1: Grounds into double play, 6-4-3 (Groundball, 56, EV 104.4 MPH)
|
Bottom of the 7th over - 0 runs, 1 hit, 0 errors, 1 left on base; Houston 2 - Pittsburgh 8 |
TOP OF THE 8TH |
Houston Astros batting - Pitching for Pittsburgh Pirates : RHP Timnothy Milner
|
Pitching: RHP Mike Smithson
|
|
Batting: RHB Zail Smith
|
0-0: Ball 1-0: Ball 2-0: SINGLE (Groundball, 5S, EV 73.1 MPH) (infield hit)
|
Batting: SHB Tom Herr
|
0-0: TRIPLE (Line Drive, 89XD, EV 98.1 MPH) Zail Smith scores
|
Batting: LHB George Vukovich
|
0-0: Ball 1-0: Hit by Pitch
|
Batting: RHB Dave Valle
|
0-0: Called Strike 0-1: Foul Ball, location: 2F 0-2: Ball 1-2: Ball 2-2: Strikes out swinging
|
Batting: LHB Jerry Narron
|
0-0: Fielders Choice at 2nd, 6-4 (Groundball, 6, EV 80.6 MPH) Tom Herr scores
|
Pinch Hitting: LHB Jose Cruz
|
0-0: Ball 1-0: Called Strike 1-1: Foul Ball, location: 2F 1-2: Foul Ball, location: 2F 1-2: Ball 2-2: Ground out 5-3 (Groundball, 15, EV 90.6 MPH)
|
Top of the 8th over - 2 runs, 2 hits, 0 errors, 1 left on base; Houston 4 - Pittsburgh 8 |
BOTTOM OF THE 8TH |
Pittsburgh Pirates batting - Pitching for Houston Astros : LHP Richard Thompson
|
Pitching: RHP Reggie Cleveland
|
|
Batting: RHB Dan Gladden
|
0-0: Ball 1-0: Ball 2-0: Ball 3-0: Called Strike 3-1: Swinging Strike 3-2: Foul Ball, location: 2F 3-2: Strikes out swinging
|
Batting: SHB Chili Davis
|
0-0: Ball 1-0: Ball 2-0: Called Strike 2-1: Ball 3-1: Foul Ball, location: 2F 3-2: Base on Balls
|
Batting: RHB Rennie Stennett
|
0-0: Ball 1-0: Ball 2-0: Called Strike 2-1: Ball 3-1: Fly out, F4 (Line Drive, 4, EV 71.3 MPH)
|
Batting: LHB Robert Lopez
|
0-0: Swinging Strike 0-1: Foul Ball, location: 2F 0-2: Ball 1-2: Ball 2-2: DOUBLE (Line Drive, 7LM, EV 112.5 MPH) Chili Davis to third Runner from 3rd tries for Home, SAFE, throw by LF to home
|
Batting: LHB Greg Walker
|
0-0: Ball 1-0: Called Strike 1-1: SINGLE (Line Drive, 7LS, EV 103.8 MPH) Robert Lopez to third Runner from 3rd tries for Home, SAFE, throw by LF to home
|
Batting: RHB Mike C Brown
|
0-0: Called Strike 0-1: Foul Ball, location: 2F 0-2: Ball 1-2: SINGLE (Line Drive, 89S, EV 95.0 MPH) Greg Walker to second Runner from 2nd tries for 3rd, SAFE, throw by RF made to third
|
Batting: LHB Terry Whitfield
|
0-0: Ball Mike C Brown steals 2nd base 1-0: SINGLE (Groundball, 3D, EV 98.8 MPH) Greg Walker scores Mike C Brown to third Runner from 3rd tries for Home, SAFE, throw by RF to home
|
Pitching: RHP Gilberto Mendoza
|
|
Batting: SHB Ron Oester
|
0-0: Ball 1-0: Ball 2-0: SINGLE (Groundball, 4MD, EV 106.9 MPH) Terry Whitfield to second
|
Batting: RHB Mike Smithson
|
0-0: Foul Ball, location: 2F 0-1: Foul Ball, location: 2F 0-2: Foul Ball, location: 2F 0-2: Foul Ball, location: 2F 0-2: Ball 1-2: Strikes out swinging
|
Bottom of the 8th over - 4 runs, 5 hits, 0 errors, 2 left on base; Houston 4 - Pittsburgh 12 |
TOP OF THE 9TH |
Houston Astros batting - Pitching for Pittsburgh Pirates : RHP Mike Smithson
|
Batting: RHB Mickey Hatcher
|
0-0: Foul Ball, location: 2F 0-1: Ball 1-1: Ground out 6-3 (Groundball, 4MS, EV 85.0 MPH)
|
Batting: RHB John Castino
|
0-0: Ball 1-0: Foul Ball, location: 2F 1-1: Foul Ball, location: 2F 1-2: Foul Ball, location: 2F 1-2: Ball 2-2: Foul Ball, location: 2F 2-2: TRIPLE (Flyball, 89XD, EV 93.1 MPH)
|
Batting: RHB Julio Franco
|
0-0: 2-RUN HOME RUN (Flyball, 9LD, EV 107.5 MPH), Distance : 364 ft
|
Pitching: RHP Robert Alexander
|
|
Batting: RHB Zail Smith
|
0-0: Fly out, F8 (Line Drive, 8LD, EV 100.0 MPH)
|
Batting: SHB Tom Herr
|
0-0: DOUBLE (Line Drive, 7LS, EV 108.1 MPH)
|
Batting: LHB George Vukovich
|
0-0: Ball 1-0: Called Strike 1-1: Called Strike 1-2: Foul Ball, location: 2F 1-2: Foul Ball, location: 2F 1-2: Foul Ball, location: 2F 1-2: Ground out 6-3 (Groundball, 6M, EV 89.4 MPH)
|
Top of the 9th over - 2 runs, 3 hits, 0 errors, 1 left on base; Houston 6 - Pittsburgh 12 |
|